 Dungeon Crawl Stone Soup version 0.30-a0-760-g5a9884bb7c (webtiles) character file.

Game seed: 7539230022523063119

961 mopl the Vexing (level 7, -3/36 HPs)
             Began as a Deep Elf Enchanter on Feb 10, 2023.
             Was a Follower of Dithmenos.
             Slain by a yak (13 damage)
             ... on level 5 of the Dungeon.
             The game lasted 00:08:46 (4647 turns).

mopl the Vexing (Deep Elf Enchanter)                Turns: 4647, Time: 00:08:47

Health: -3/36      AC:  4    Str:  5    XL:     7   Next: 92%
Magic:  18/18      EV: 17    Int: 22    God:    Dithmenos [*.....]
Gold:   331        SH:  9    Dex: 15    Spells: 7/18 levels left

rFire   . . .      SeeInvis .    a - +1 dagger (venom)
rCold   . . .      Faith    .    y - +0 buckler
rNeg    . . .      Spirit   .    b - +0 robe
rPois   .          Reflect  +    v - +0 helmet
rElec   .          Harm     .    C - +0 cloak
rCorr   .          Rampage  .    (no gloves)
Will    .....                    (no boots)
Stlth   ++++                     n - amulet of reflection
HPRegen 0.26/turn                h - +5 ring of evasion
MPRegen 0.16/turn                (no ring)

@: about to teleport, wreathed by umbra
A: no striking features
a: Renounce Religion


You were on level 5 of the Dungeon.
You worshipped Dithmenos.
Dithmenos was aware of your devotion.
You visited 2 branches of the dungeon, and saw 7 of its levels.
You also visited: Sewer.

You collected 331 gold pieces.

Inventory:

Hand Weapons
 a - a +1 dagger of venom (weapon)
 k - a +0 rapier
Missiles
 i - 2 curare-tipped darts
 B - 5 javelins
Armour
 b - a +0 robe (worn)
 g - a +0 kite shield
 v - a +0 helmet (worn)
 y - a +0 buckler (worn)
 C - a +0 cloak (worn)
Magical Staves
 D - a staff of poison
Jewellery
 f - an amulet of guardian spirit
 h - a +5 ring of evasion (left hand)
 m - a ring of fire
 n - an amulet of reflection (around neck)
Scrolls
 d - 2 scrolls of enchant armour {unknown}
 e - a scroll of teleportation
 l - a scroll of amnesia {unknown}
 o - a scroll of enchant weapon {unknown}
 r - a scroll of blinking {unknown}
 u - a scroll of summoning {unknown}
 x - 2 scrolls of fear {unknown}
 z - a scroll of poison {unknown}
 A - a scroll of magic mapping {unknown}
 E - a scroll of identify
Potions
 c - 2 potions of invisibility
 j - 2 potions of berserk rage {!q}
 p - a potion of cancellation
 q - a potion of curing
 s - 2 potions of magic
 t - 3 potions of haste
 w - 2 potions of heal wounds


   Skills:
 + Level 4.2 Short Blades
 + Level 1.5 Throwing
 - Level 2.4 Dodging
 + Level 6.6 Stealth
 + Level 1.0 Shields
 + Level 6.2 Spellcasting
 + Level 6.8 Hexes
 + Level 1.5 Invocations


You had 7 spell levels left.
You knew the following spells:

 Your Spells              Type           Power      Damage    Failure   Level
b - Ensorcelled Hibernat  Hex/Ice        44%        N/A       4%          2
c - Confusing Touch       Hex            37%        N/A       2%          3
d - Tukima's Dance        Hex            37%        N/A       2%          3
f - Dazzling Flash        Conj/Hex       44%        N/A       9%          3

Your spell library contained the following spells:

 Spells                   Type           Power      Damage    Failure   Level
 Alistair's Intoxication  Tmut/Pois      4%         N/A       98%         5
 Borgnjor's Vile Clutch   Necr/Erth      3%         N/A       98%         5
 Eringya's Noxious Bog    Tmut/Pois      3%         N/A       100%        6


Dungeon Overview and Level Annotations

Branches:
Dungeon (6/15)             Temple (1/1) D:6           Sewer (visited)

Altars:
Ashenzari
Cheibriados
Dithmenos
Elyvilon
Gozag
Kikubaaqudgha
Makhleb
Nemelex Xobeh
Okawaru
Qazlal
Ru
Sif Muna
Trog
Uskayaw
Vehumet
Xom
Yredelemnul
Zin
The Shining One

Annotations:
D:5 1 runed translucent door


Message History

D - a staff of poison
Found 5 stones.
Found a bloodstained altar of Trog.
You now have 302 gold pieces (gained 13).
There is a large open door here.
You see here a +0 sling.
You see here a +0 dagger.
You open the door.
There is an open door here.
You now have 312 gold pieces (gained 10).
You open the door.
There is an open door here.
E - a scroll of identify You now have 322 gold pieces (gained 10).
Found a stone staircase leading up.
Okay, then.
You now have 331 gold pieces (gained 9).
There is an open door here.
There is a stone staircase leading down here.
There is an open door here.
You open the door.
Done exploring.
No target in view!
Done exploring.
There is a large open door here.
There is a large open door here.
There is a stone staircase leading down here.
You climb downwards.
Level annotation: 1 runed translucent door The orc wizard mumbles some strange words.
The orc wizard flickers and vanishes!
Deactivating autopickup; reactivate with Ctrl-A.
The yak barely misses you. The yak gores you! You block the yak's attack.
The orc barely misses you. The yak misses you. The yak gores you!
* * * LOW HITPOINT WARNING * * *
The orc completely misses you. The yak gores you but does no damage.
There is a stone staircase leading up, spattered with blood here.
As you read the scroll of teleportation, it crumbles to dust.
You feel strangely unstable. The yak gores you!
You die...

... .## ..........
#.ยง .$...oo.###
.........# ##....Y...#
.. #^........# #.
#........#
#.###..Y....##
###.##...@o....#
###.?..##.Y.Y....#
#..>.........#...# .
##...o........###... .
###...............# ..
.
#.......o.#.......##..
.
.........###.........
.
........####.........
.
..#.....##..........#


You could see 4 yaks, an orc priest, an orc wizard and 3 orcs.

Vanquished Creatures
  A water moccasin (Sewer)
  A necrophage (D:6)
  4 scorpions
  A hound (D:4)
  2 jellies (D:6)
  5 orc priests
  Jessica (D:2)
  2 orc wizards
  2 iguanas
  11 adders
  An ufetubus (D:3)
  A worm (D:3)
  3 dart slugs
  13 orcs
  3 ball pythons
  8 bats
  5 endoplasms
  2 giant cockroaches
  4 goblins
  4 hobgoblins
  9 jackals
  7 kobolds
  A quokka (D:3)
  A frilled lizard (D:1)
  7 rats
99 creatures vanquished.

Notes
Turn   | Place    | Note
-------+----------+-------------------------------------------
     0 | D:1      | mopl the Deep Elf Enchanter began the quest for the Orb.
     0 | D:1      | Reached XP level 1. HP: 10/10 MP: 6/6
   469 | D:1      | Reached XP level 2. HP: 15/15 MP: 8/8
   485 | D:1      | Learned a level 2 spell: Ensorcelled Hibernation
   879 | D:2      | Reached skill level 4 in Stealth
   964 | D:2      | Reached XP level 3. HP: 19/19 MP: 10/10
  1060 | D:2      | Learned a level 3 spell: Confusing Touch
  1064 | D:2      | Learned a level 3 spell: Tukima's Dance
  1176 | D:2      | Noticed Jessica
  1181 | D:2      | Killed Jessica
  1182 | D:2      | Reached skill level 2 in Short Blades
  1182 | D:2      | Reached XP level 4. HP: 24/24 MP: 11/11
  1622 | D:3      | Reached skill level 4 in Spellcasting
  1777 | D:3      | Reached skill level 5 in Hexes
  1819 | D:3      | Noticed a scorpion
  1825 | D:3      | Killed a scorpion
  1826 | D:3      | Reached skill level 5 in Stealth
  1826 | D:3      | Reached XP level 5. HP: 28/28 MP: 10/13
  1987 | D:3      | You fall into a shaft and drop 3 floors!
  2074 | D:6      | Reached skill level 3 in Short Blades
  2074 | D:6      | Reached XP level 6. HP: 21/32 MP: 8/15
  2089 | D:6      | Reached skill level 5 in Spellcasting
  2119 | D:6      | Learned a level 3 spell: Dazzling Flash
  2139 | D:6      | Found a glowing drain.
  2144 | D:6      | Reached skill level 6 in Hexes
  2162 | Sewer    | Entered a sewer
  2319 | Sewer    | Noticed a water moccasin
  2324 | Sewer    | Killed a water moccasin
  2325 | Sewer    | Reached skill level 6 in Stealth
  2380 | D:6      | Reached XP level 7. HP: 7/36 MP: 12/17
  2519 | D:6      | Found a staircase to the Ecumenical Temple.
  2540 | Temple   | Entered the Ecumenical Temple
  2830 | Temple   | Became a worshipper of Dithmenos the Shadowed
  2939 | D:5      | Entered Level 5 of the Dungeon
  3003 | D:5      | Found a runed translucent door.
  3084 | D:4      | Reached skill level 4 in Short Blades
  3104 | D:4      | Reached skill level 1 in Throwing
  3104 | D:4      | Reached skill level 6 in Spellcasting
  3104 | D:4      | Reached skill level 1 in Invocations
  3169 | D:5      | Noticed a yak
  3171 | D:5      | Noticed a yak
  3172 | D:5      | Noticed a yak
  3640 | D:3      | Reached skill level 1 in Shields
  4159 | D:4      | Reached * piety under Dithmenos
  4234 | D:4      | Found a hide-covered altar of Uskayaw.
  4344 | D:4      | Found a glowing golden altar of the Shining One.
  4354 | D:4      | Found a bloodstained altar of Trog.
  4646 | D:5      | Noticed a yak
  4647 | D:5      | Slain by a yak

Illustrated notes

Levels and vault maps discovered:
D:1:      minmay_arrival_stone_box, layout_basic
D:2:      layout_basic, minmay_stone_trees_small, uniq_jessica
D:3:      layout_basic
D:4:      layout_basic, nicolae_uskayaw_suspiria, nicolae_overflow_squiral,
          interstate_on_off
D:5:      layout_cave_pools, serial_shops, nicolae_lakefront_shop,
          ebering_ghost_sewer_d, grunt_ministairs_9
D:6:      layout_loops_corners, nicolae_hepliaklqana_hazy_memory,
          temple_statues, portal_sewer_entry_a
Temple:   minmay_temple_bridge_d

Skill      XL: |  1  2  3  4  5  6  7 |
---------------+----------------------+-----
Stealth        | 4 5 6 |  6.6
Short Blades   | 2 3 4 |  4.2
Spellcasting   | 4 5 6 |  6.2
Hexes          | 5 6 |  6.8
Throwing       | 1 |  1.5
Invocations    | 1 |  1.5
Shields        | 1 |  1.0
Dodging        | |  2.4

Action                     |  1- 3 |  4- 6 |  7- 9 || total
---------------------------+-------+-------+-------++-------
  Melee: Dagger            |    86 |   108 |    83 ||   277
         Punch             |     2 |       |       ||     2
  Throw: Dart              |     1 |       |       ||     1
   Cast: Ensorcelled Hiber |     2 |    29 |    17 ||    48
         Confusing Touch   |       |     1 |       ||     1
    Use: Scroll            |     3 |     5 |     3 ||    11
         Potion            |       |     1 |       ||     1
   Stab: Sleeping          |     5 |    20 |    17 ||    42
         Confused          |       |     1 |       ||     1
 Armour: Robe              |     9 |    14 |    12 ||    35
  Dodge: Dodged            |    64 |   118 |    53 ||   235
  Block: Other             |       |    23 |    10 ||    33
         Buckler           |       |       |     5 ||     5

Table legend: (Time is in decaauts)
 A = Elapsed time spent in this place.
 B = Non-inter-level travel time spent in this place.
 C = Inter-level travel time spent in this place.
 D = Time resting spent in this place.
 E = Time spent auto-exploring this place.
 F = Levels seen in this place.
 G = Mean time per level.
                   A        B        C        D        E       F      G
               +--------+--------+--------+--------+--------+-----+--------+
         Total |   4613 |   4306 |    307 |    414 |   2805 |   8 |  576.6 |
       Dungeon |   4037 |   3878 |    159 |    332 |   2557 |   6 |  672.8 |
        Temple |    363 |    215 |    148 |      0 |    196 |   1 |  363.0 |
         Sewer |    212 |    212 |      0 |     82 |     52 |   1 |  212.0 |
               +--------+--------+--------+--------+--------+-----+--------+

Top non-repeatable levels by time:
     D:4: 1078 daAuts
     D:3: 924 daAuts
     D:1: 805 daAuts
     D:2: 717 daAuts
     D:6: 371 daAuts
  Temple: 363 daAuts
   Sewer: 212 daAuts
     D:5: 140 daAuts
